 Dungeon Crawl Stone Soup version 0.22-a0-565-gfc6459a524 (webtiles) character file.

146 Kholdaimon the Shield-Bearer (level 5, 0/42 HPs)
             Began as a Formicid Fighter on June 28, 2018.
             Slain by Grinder (4 damage)
             ... on level 3 of the Dungeon.
             The game lasted 00:09:16 (2228 turns).

Kholdaimon the Shield-Bearer (Formicid Fighter)     Turns: 2228, Time: 00:09:16

Health: 0/42       AC:  7    Str: 21    XL:     5   Next: 53%
Magic:  5/5        EV:  8    Int:  8    God:
Gold:   65         SH:  9    Dex: 10    Spells: 4/4 levels left

rFire    + . .     SeeInvis +   a - +0 war axe
rCold    + . .     Gourm    .   c - +0 shield
rNeg     . . .     Faith    .   b - +0 scale mail
rPois    +         Spirit   .   (helmet unavailable)
rElec    +         Reflect  .   (no cloak)
rCorr    +         Harm     .   (no gloves)
MR       .....                  (no boots)
Stlth    ..........             (no amulet)
HPRegen  0.14/turn              (no ring)
MPRegen  0.09/turn              (no ring)

@: resistant
A: permanent stasis, dig shafts and tunnels, four strong arms, antennae 3
a: Dig, Shaft Self


You were on level 3 of the Dungeon.
You were hungry.

You visited 1 branch of the dungeon, and saw 3 of its levels.

You collected 65 gold pieces.

Inventory:

Hand Weapons
 a - a +0 war axe (weapon)
 m - a +0 hunting sling
Missiles
 e - 51 stones (quivered)
 r - 16 sling bullets
Armour
 b - a +0 scale mail (worn)
 c - a +0 shield (worn)
Jewellery
 i - an uncursed amulet of the gourmand {unknown}
Wands
 o - a wand of paralysis (13)
Scrolls
 k - a scroll of fog {unknown}
 l - a scroll of teleportation {unknown}
 n - a scroll of remove curse {unknown}
 q - a scroll of random uselessness {unknown}
Potions
 d - 2 potions of might
 h - a potion of ambrosia {unknown}
 j - a potion of resistance
 p - a potion of curing {unknown}
Comestibles
 f - 3 rations
 g - 8 chunks of flesh


   Skills:
 - Level 4.0 Fighting
 * Level 3.7 Axes
 - Level 4.0 Armour
 + Level 4.6 Shields


You had 4 spell levels left.
You didn't know any spells.
Your spell library was empty.

Dungeon Overview and Level Annotations

Branches:
Dungeon (3/15)

Altars:

Annotations:
D:3 Grinder, Sigmund


Innate Abilities, Weirdness & Mutations

You cannot be hasted, slowed, berserked, paralysed or teleported.
You can dig through walls and to a lower floor.
Your four strong arms can wield two-handed weapons with a shield.
You have a pair of large antennae on your head. (SInv)


Message History

Some of the chunks of flesh in your inventory have rotted away.
Your shield and scale mail prevent you from hitting Grinder.
Grinder is moderately wounded.
You block Grinder's attack.
You barely miss Grinder.
Grinder is moderately wounded.
Grinder gestures at you. You resist with significant effort.
Grinder says, "There's only one good use for a tongue: cutting it out."
Grinder hits you.
* * * LOW HITPOINT WARNING * * *
You writhe in agony.
* * * LOW HITPOINT WARNING * * *
You slash Grinder!
Grinder is heavily wounded.
You block Grinder's attack.
You closely miss Grinder.
Grinder is heavily wounded.
Grinder hits you but does no damage. Grinder hits you.
You die...

#.. . # ##.# ##.# .###
###..##########...
...##.....#.....#...#
#.#..)).....)<...##
#....)......[....#
###†..†)..........#
#..=).............#
....(#.).@5..........#
#....................#
.....................#
.......................
.......#.....#.....####.{
#.............###### #
.......######... ......
####


You could see Grinder.

Vanquished Creatures
  Ijyb (D:3)
  Robin (D:3)
  An adder (D:2)
  An ooze (D:1)
  3 worms
  3 dart slugs
  4 leopard geckos (D:2)
  5 giant cockroaches
  10 hobgoblins
  7 jackals
  4 kobolds
  2 quokkas (D:2)
  4 bats
  6 frilled lizards
  15 goblins
  6 rats
73 creatures vanquished.

Notes
Turn   | Place    | Note
-------+----------+-------------------------------------------
     0 | D:1      | Kholdaimon the Formicid Fighter began the quest for the Orb.
     0 | D:1      | Reached XP level 1. HP: 18/18 MP: 1/1
    77 | D:1      | Reached XP level 2. HP: 18/24 MP: 2/2
   418 | D:1      | Reached XP level 3. HP: 23/29 MP: 3/3
  1145 | D:2      | Reached XP level 4. HP: 37/37 MP: 4/4
  2154 | D:3      | Noticed Sigmund
  2160 | D:3      | Noticed Ijyb
  2171 | D:3      | Killed Ijyb
  2171 | D:3      | Reached XP level 5. HP: 38/42 MP: 5/5
  2201 | D:3      | Noticed Robin
  2207 | D:3      | Killed Robin
  2210 | D:3      | Noticed Grinder
  2228 | D:3      | Slain by Grinder

Vault maps used:
D:1:      giann_horns, minmay_strange_pillars
D:2:      corexii_shack
D:3:      kiku_gazebo_pond_becter, first_ration, uniq_robin, uniq_grinder,
          uniq_ijyb, uniq_sigmund

Skill      XL: |  1  2  3  4 |
---------------+-------------+-----
Shields        | 4 |  4.6
Axes           | 3 |  3.7
Fighting       | 4 |  4.0
Armour         | 4 |  4.0

Action                   |  1- 3 |  4- 6 || total
-------------------------+-------+-------++-------
Melee: War axe           |    85 |   108 ||   193
  Use: Potion            |       |     1 ||     1
  Eat: Chunk             |     1 |     3 ||     4
Armor: Scale mail        |    42 |    59 ||   101
Dodge: Dodged            |    48 |    44 ||    92
Block: Shield            |    48 |    58 ||   106

Table legend:
 A = Spawn XP
 B = Non-spawn XP
 C = Spawn XP percentage of total XP
 D = Spawn monster count
 E = Non-spawn monster count
 F = Spawn count percentage of total count
 G = Total turns spent on level
                    A         B        C        D         E        F      G
               +---------+---------+-------+---------+---------+-------+---------
         Total |       0 |     209 |   0.0 |       0 |      73 |   0.0 |  2228
               +---------+---------+-------+---------+---------+-------+---------
           D:1 |       0 |      45 |   0.0 |       0 |      21 |   0.0 |   845
           D:2 |       0 |      75 |   0.0 |       0 |      30 |   0.0 |  1242
           D:3 |       0 |      89 |   0.0 |       0 |      22 |   0.0 |   141
               +---------+---------+-------+---------+---------+-------+---------
